 Dungeon Crawl Stone Soup version 0.31-a0-496-g6f97920a28 (webtiles) character file.

Game seed: 1089883810636179288

399 xSliceyx the Covered (level 7, -2/5 HPs)
             Began as a Formicid Fighter on Aug 8, 2023.
             Slain by a black bear (7 damage)
             ... on level 4 of the Dungeon.
             The game lasted 00:08:31 (3297 turns).

xSliceyx the Covered (Formicid Fighter)             Turns: 3297, Time: 00:08:32

Health: -2/5       AC:  3    Str: 23    XL:     7   Next: 10%
Magic:  7/7        EV: 10    Int:  7    God:
Gold:   124        SH:  0    Dex: 13    Spells: 6/6 levels left

rFire   . . .        a - melded +0 war axe
rCold   . . .        c - melded +0 buckler
rNeg    . . .        b - +0 scale mail
rPois   .            (helmet unavailable)
rElec   .            (no cloak)
rCorr   .            (gloves currently unavailable)
SInv    +            u - +0 pair of boots
Will    .....        (no amulet) Stlth
                     (no ring)
HPRegen 0.20/turn    (no ring)
MPRegen 0.10/turn

%: no passive effects
@: blade hands
A: reduced hp, permanent stasis, dig shafts and tunnels, antennae 3, four strong
arms
a: Dig, Shaft Self, Begin Untransformation


You were on level 4 of the Dungeon.
You had blades for hands.
You visited 1 branch of the dungeon, and saw 4 of its levels.

You collected 124 gold pieces.

Inventory:

Hand Weapons
 a - a +0 war axe (melded)
Missiles
 l - 6 silver javelins
 m - a throwing net
 s - 3 poisoned darts
Armour
 b - a +0 scale mail (worn)
 c - a +0 buckler (melded)
 j - a +0 chain mail
 u - a +0 pair of boots (worn)
Talismans
 g - a blade talisman (active)
Wands
 t - a wand of digging (4)
Scrolls
 e - 3 scrolls of teleportation {unknown}
 h - a scroll of vulnerability {unknown}
 i - a scroll of enchant weapon {unknown}
 o - a scroll of amnesia {unknown}
 q - 3 scrolls of noise {unknown}
 r - a scroll of fear {unknown}
Potions
 d - a potion of haste {unknown}
 f - 2 potions of curing {unknown}
 k - 4 potions of degeneration {unknown}
 n - a potion of mutation {unknown}
 p - a potion of resistance {unknown}


   Skills:
 - Level 3.6 Fighting
 - Level 2.0 Axes
 + Level 7.6 Armour
 - Level 5.0 Shields


You had 6 spell levels left.
You didn't know any spells.
Your spell library was empty.

Dungeon Overview and Level Annotations

Branches:
Dungeon (4/15)
 Temple: D:4-7

Altars:

Shops:
D:4 **(


Innate Abilities, Weirdness & Mutations

You have blades for hands.
Your maximum health is decreased, since you lack skill for your form.
Your spellcasting is less reliable in this form.
You are incapable of wielding weapons or throwing items.
You cannot be hasted, slowed, berserked, paralysed or teleported.
You can dig through walls and to a lower floor.
You have a pair of large antennae on your head. (SInv)
Your four strong arms can wield two-handed weapons with a shield.


Message History

There is a stone staircase leading up here.
A black bear comes into view.
You block the orc's attack.
You closely miss the orc. The orc barely misses you.
You block the orc's attack.
You slash the orc!
You kill the orc!
The black bear closely misses you.
The black bear claws you but does no damage. x2
You completely miss the black bear. The black bear misses you.
You block the black bear's attack. x2
Cleave: a) +0 war axe
Press: ? - help, Dir - move target, f - black bear
Aim: a black bear (about 36% to evade your +0 war axe)
Okay, then.
You closely miss the black bear. The black bear closely misses you.
You block the black bear's attack.
The black bear claws you but does no damage.
The black bear bites you! The black bear claws you.
The black bear claws you but does no damage.
A black bear is nearby!
The black bear closely misses you.
The black bear claws you but does no damage.
The black bear claws you.
You begin transforming.
You continue transforming.
The black bear closely misses you. You block the black bear's attack.
The black bear claws you.
You continue transforming.
You block the black bear's attack. The black bear closely misses you.
The black bear claws you but does no damage.
You continue transforming.
The black bear bites you but does no damage.
You block the black bear's attack. The black bear barely misses you.
Your hands turn into razor-sharp scythe blades.
Your +0 war axe melds into your body.
Your +0 buckler melds into your body.
You slash the black bear!
The black bear is heavily wounded.
The black bear bites you!
Ouch! That really hurt!
You die...

##.###.###
########.# ..#
.........# #.#
#######..# #8#
##..####.### #
#.....8.∩<8 #.#
#...####)##..###
####...#...8h......
#.......<..@###.##
#.........###
#.........#
####...#### #...#
#...# #####


You could see a black bear.

Vanquished Creatures
  Grinder (D:3)
  An orc priest (D:3)
  An iguana (D:4)
  Natasha (thrice) (D:2)
  2 adders
  4 worms
  A dart slug (D:1)
  5 orcs
  3 bats
  7 endoplasms
  2 giant cockroaches
  6 goblins
  2 hobgoblins
  3 quokkas
  4 ball pythons
  6 frilled lizards
  5 kobolds
  8 rats
64 creatures vanquished.

Notes
Turn   | Place    | Note
-------+----------+-------------------------------------------
     0 | D:1      | xSliceyx the Formicid Fighter began the quest for the Orb.
     0 | D:1      | Reached XP level 1. HP: 18/18 MP: 1/1
   130 | D:1      | Reached XP level 2. HP: 24/24 MP: 2/2
   207 | D:1      | Reached skill level 5 in Shields
   575 | D:1      | Reached XP level 3. HP: 29/30 MP: 3/3
  1288 | D:2      | Reached skill level 4 in Armour
  1502 | D:2      | Reached XP level 4. HP: 31/37 MP: 4/4
  1853 | D:3      | Noticed Natasha
  1864 | D:2      | Killed Natasha
  1966 | D:2      | Noticed Natasha
  1977 | D:2      | Killed Natasha
  1978 | D:2      | Reached skill level 5 in Armour
  1978 | D:2      | Reached XP level 5. HP: 35/42 MP: 5/5
  2133 | D:2      | Noticed Natasha
  2139 | D:2      | Killed Natasha
  2597 | D:3      | Noticed Grinder
  2613 | D:3      | Killed Grinder
  2614 | D:3      | Reached skill level 7 in Armour
  2614 | D:3      | Reached XP level 6. HP: 38/48 MP: 6/6
  2753 | D:3      | Reached XP level 7. HP: 51/53 MP: 7/7
  3148 | D:4      | Found Wouweuha's General Store.
  3216 | D:4      | Found Syxem's Assorted Antiques.
  3276 | D:4      | Found Liuly's Antique Weapon Shoppe.
  3297 | D:4      | Slain by a black bear

Illustrated notes

Levels and vault maps discovered:
D:1:      dpeg_arrival_rooms_b, layout_loops_ring
D:2:      layout_basic
D:3:      layout_basic, nicolae_concentric_dashed_squares_mild, uniq_grinder,
          uniq_natasha
D:4:      layout_loops_ring, minmay_temple_entry_slanted, serial_shops, shop,
          nicolae_shop_statue_plus, nicolae_shop_overgrown_old_shop, shop,
          nicolae_shop_hallway_stairs, kennysheep_generic_room_8

Skill      XL: |  1  2  3  4  5 |
---------------+----------------+-----
Shields        | 5 |  5.0
Armour         | 4 5 7 |  7.6
Fighting       | |  3.6
Axes           | |  2.0

Action                     |  1- 3 |  4- 6 |  7- 9 || total
---------------------------+-------+-------+-------++-------
  Melee: War axe           |   110 |    62 |    26 ||   198
         Unarmed           |       |       |     1 ||     1
    Use: Potion            |       |     1 |       ||     1
 Armour: Scale mail        |    58 |    32 |    19 ||   109
  Dodge: Dodged            |    50 |    22 |    13 ||    85
  Block: Buckler           |    18 |    20 |    12 ||    50
   Form: Blade             |       |       |     1 ||     1

Table legend: (Time is in decaauts)
 A = Elapsed time spent in this place.
 B = Non-inter-level travel time spent in this place.
 C = Inter-level travel time spent in this place.
 D = Time resting spent in this place.
 E = Time spent auto-exploring this place.
 F = Levels seen in this place.
 G = Mean time per level.
                   A        B        C        D        E       F      G
               +--------+--------+--------+--------+--------+-----+--------+
         Total |   3381 |   2923 |    458 |    227 |   2107 |   4 |  845.2 |
       Dungeon |   3381 |   2923 |    458 |    227 |   2107 |   4 |  845.2 |
               +--------+--------+--------+--------+--------+-----+--------+

Top non-repeatable levels by time:
     D:2: 1584 daAuts
     D:3: 920 daAuts
     D:1: 718 daAuts
     D:4: 158 daAuts
